Map: Tropical Sacrifice

Players

Astrea - Winner!

  • Race: Protoss Protoss
  • Spawn Location: 7:00

MaNa

  • Race: Protoss Protoss
  • Spawn Location: 1:00

Event: DreamHack SC2 Masters 2022 Atlanta (Offline)

VOD

Have the link to the VOD?

Description

Time

  • Played on: Nov. 18, 2022, 6:04 p.m.
  • Length: 17:50

All games in this series

Show
View Real Time Build Order
Export as new Build Order

Astrea Protoss - Winner!

Build Orders: Oracle Opening 

Get SALT Encoding   

  12  0:00  Probe  
  13  0:12  Probe  
  14  0:18  Pylon  
  14  0:24  Probe  
  15  0:36  Probe (Chrono Boost)  
  15  0:40  Gateway  
  16  0:46  Probe (Chrono Boost)  
  16  0:48  Assimilator  
  17  0:51  Probe (Chrono Boost)  
  18  0:57  Assimilator  
  18  1:03  Probe (Chrono Boost)  
  19  1:06  Pylon  
  20  1:12  Probe (Chrono Boost)  
  20  1:17  Probe (Chrono Boost)  
  21  1:28  Cybernetics Core  
  21  1:29  Probe  
  24  1:41  Probe  
  24  1:46  Zealot  
  25  1:53  Probe  
  26  2:03  Pylon  
  26  2:05  Probe  
  27  2:12  Stargate  
  27  2:15  Adept, Warp Gate  
  29  2:18  Probe  
  30  2:25  Pylon  
  31  2:43  Nexus  
  30  2:47  Shield Battery  
  30  2:49  Pylon  
  30  2:52  Probe  
  30  3:05  Oracle (Chrono Boost)  
  30  3:07  Probe  
  36  3:19  Probe  
  37  3:32  Oracle (Chrono Boost)  
  37  3:33  Probe  
  38  3:39  Twilight Council  
  38  3:40  Gateway  
  39  3:47  Probe  
  38  3:56  Probe (Chrono Boost)  
  38  4:02  Probe (Chrono Boost)  
  40  4:05  Gateway  
  40  4:08  Probe (Chrono Boost)  
  40  4:09  Blink (Chrono Boost)  
  41  4:14  Probe (Chrono Boost)  
  41  4:15  Probe (Chrono Boost)  
  43  4:22  Probe  
  43  4:23  Probe  
  45  4:29  Stalker  
  44  4:34  Probe  
  44  4:35  Probe  
  43  4:40  Stalker  
  41  4:46  Probe  
  41  4:48  Probe  
  41  4:58  Probe  
  42  5:02  Probe  
  43  5:10  Probe  
  44  5:14  Probe  
  44  5:16  Stalker x3  
  51  5:22  Probe  
  51  5:26  Probe  
  53  5:34  Probe  
  54  5:41  Pylon  
  54  5:45  Nexus  
  54  5:49  Pylon  
  54  5:59  Probe x2  
  54  6:02  Stalker  
  58  6:11  Probe x2  
  58  6:16  Stalker x2  
  60  6:22  Pylon  
  60  6:23  Probe x2  
  62  6:27  Assimilator, Stalker  
  64  6:35  Probe x2  
  64  6:37  Robotics Facility  
  66  6:43  Stalker x2  
  70  6:47  Probe x2  
  67  6:56  Stalker  
  67  6:58  Probe  
  67  6:59  Probe x2  
  72  7:07  Stalker x2  
  74  7:10  Probe  
  74  7:13  Probe x2  
  74  7:14  Shield Battery  
  76  7:19  Stalker  
  76  7:22  Probe  
  72  7:25  Probe x2  
  66  7:32  Stalker x2  
  67  7:42  Probe  
  66  7:48  Probe (Chrono Boost), Stalker  
  68  7:53  Probe (Chrono Boost)  
  68  7:54  Observer (Chrono Boost), Probe (Chrono Boost)  
  70  7:59  Stalker x2  
  70  8:00  Probe (Chrono Boost)  
  70  8:04  Probe (Chrono Boost)  
  70  8:05  Probe (Chrono Boost)  
  77  8:06  Probe (Chrono Boost)  
  77  8:09  Probe (Chrono Boost)  
  79  8:14  Probe x2  
  79  8:16  Observer  
  79  8:18  Stalker  
  82  8:21  Probe  
  82  8:24  Forge  
  82  8:26  Probe, Stalker  
  86  8:27  Gateway  
  86  8:28  Observer (Chrono Boost)  
  86  8:30  Gateway, Stalker  
  86  8:32  Probe  
  86  8:33  Probe  
  91  8:42  Stalker  
  91  8:46  Pylon  
  93  8:51  Pylon  
  93  8:53  Pylon  
  93  8:54  Protoss Ground Weapons Level 1 (Chrono Boost)  
  93  8:59  Nexus  
  93  9:05  Probe x3  
  93  9:06  Stalker x2  
  100  9:13  Stalker  
  101  9:17  Observer (Chrono Boost)  
  101  9:18  Probe x2  
  101  9:20  Assimilator  
  101  9:21  Photon Cannon  
  101  9:23  Stalker  
  106  9:24  Shield Battery  
  106  9:26  Stalker  
  108  9:32  Stalker  
  108  9:33  Probe  
  108  9:34  Probe x2  
  113  9:45  Probe  
  114  9:47  Probe x2  
  114  9:51  Photon Cannon, Pylon  
  114  9:52  Pylon  
  116  10:00  Probe  
  116  10:03  Pylon  
  116  10:06  Charge  
  117  10:08  Dark Shrine  
  117  10:10  Stalker  
  117  10:11  Probe x3  
  122  10:16  Stalker x2  
  122  10:18  Assimilator  
  122  10:19  Stalker  
  126  10:31  Stalker  
  128  10:36  Assimilator  
  128  10:38  Gateway  
  128  10:39  Gateway x2  
  128  10:40  Gateway  
  128  10:44  Stalker x4  
  128  10:49  Probe x4  
  140  10:50  Protoss Ground Weapons Level 2 (Chrono Boost)  
  140  10:51  Pylon  
  140  10:55  Pylon  
  130  11:10  Stalker x5  
  132  11:24  Nexus  
  132  11:34  Stalker x7  
  132  11:35  Shadow Stride (Chrono Boost)  
  145  11:42  Zealot x2  
  147  11:55  Nexus  
  147  12:00  Zealot x7  
  159  12:07  Pylon  
  159  12:08  Pylon  
  159  12:09  Pylon  
  159  12:10  Pylon  
  159  12:12  Photon Cannon, Pylon  
  158  12:26  Dark Templar x3  
  164  12:32  Zealot x6  
  175  12:40  Robotics Bay  
  175  12:44  Observer  
  171  12:55  Zealot x5  
  171  12:56  Zealot  
  183  13:01  Robotics Facility  
  183  13:11  Nexus  
  181  13:12  Stalker  
  181  13:13  Stalker x2  
  181  13:18  Zealot x2  
  181  13:19  Zealot x3  
  156  13:34  Nexus  
  156  13:39  Stalker x9  
  167  13:42  Protoss Shields Level 1 (Chrono Boost)  
  167  13:44  Probe x2  
  167  13:46  Pylon  
  160  13:57  Disruptor x2, Probe  
  167  14:05  Pylon  
  167  14:06  Dark Templar x4  
  175  14:11  Stalker  
  157  14:35  Dark Templar x4  
  164  14:44  Probe x4  
  164  14:46  Photon Cannon  
  164  14:47  Zealot x4, Photon Cannon  
  164  14:49  Shield Battery  
  164  14:50  Disruptor, Pylon  
  172  14:53  Disruptor  
  172  14:57  Probe x2  
  172  14:58  Probe  
  178  15:02  Photon Cannon  
  178  15:13  Zealot x6  
  178  15:25  Disruptor  
  177  15:29  Disruptor  
  173  15:39  Zealot x8, Dark Templar  
  191  15:43  Gateway  
  191  15:47  Pylon  
  191  15:48  Nexus, Gateway  
  191  16:01  Disruptor  
  184  16:15  Disruptor (Chrono Boost)  
  169  16:25  Zealot x9  
  177  16:34  Disruptor (Chrono Boost)  
  176  16:50  Pylon  
  179  16:59  Nexus  
  170  17:02  Disruptor, Zealot x9  
  184  17:12  Zealot x2  
  150  17:26  Stalker x6  
  150  17:27  Stalker  
Show
View Real Time Build Order
Export as new Build Order

MaNa Protoss 

Build Orders: Blink Stalkers 

Get SALT Encoding   

  12  0:00  Probe  
  13  0:12  Probe  
  14  0:18  Pylon  
  14  0:24  Probe (Chrono Boost)  
  15  0:36  Probe (Chrono Boost)  
  15  0:39  Gateway  
  16  0:45  Probe (Chrono Boost)  
  16  0:48  Assimilator  
  17  0:51  Probe  
  18  1:03  Probe (Chrono Boost)  
  18  1:04  Pylon  
  20  1:12  Probe (Chrono Boost)  
  20  1:17  Probe (Chrono Boost)  
  20  1:24  Pylon  
  21  1:29  Probe  
  22  1:32  Cybernetics Core  
  22  1:33  Zealot  
  24  1:41  Probe  
  25  1:53  Probe  
  26  1:56  Pylon  
  26  2:05  Probe  
  26  2:08  Warp Gate (Chrono Boost)  
  27  2:09  Stalker  
  27  2:12  Pylon  
  29  2:26  Probe  
  29  2:29  Pylon  
  29  2:39  Nexus, Probe  
  30  2:45  Stalker  
  32  2:52  Probe  
  32  2:56  Gateway  
  33  3:04  Probe  
  33  3:05  Assimilator  
  34  3:12  Twilight Council  
  34  3:16  Probe  
  34  3:28  Probe  
  34  3:40  Probe  
  35  3:49  Blink (Chrono Boost)  
  35  3:52  Probe  
  35  3:53  Adept x2  
  35  3:54  Probe  
  41  3:57  Shield Battery  
  40  4:04  Probe  
  40  4:06  Probe  
  42  4:13  Stalker x2  
  42  4:16  Probe  
  47  4:18  Probe  
  47  4:28  Probe  
  47  4:33  Probe  
  48  4:39  Stalker x2  
  48  4:40  Probe  
  48  4:45  Probe  
  52  4:53  Probe  
  52  4:55  Gateway x2  
  52  4:57  Probe  
  52  4:58  Robotics Facility  
  52  5:05  Stalker  
  54  5:10  Shield Battery, Pylon  
  54  5:24  Pylon  
  53  5:31  Stalker x2  
  53  5:32  Probe x2  
  58  5:40  Assimilator  
  58  5:44  Probe  
  58  5:45  Probe  
  58  5:47  Observer  
  58  5:49  Nexus  
  61  5:53  Shield Battery  
  61  5:57  Probe x2  
  63  6:07  Stalker x2  
  67  6:15  Probe, Stalker  
  67  6:18  Stalker  
  70  6:23  Pylon  
  70  6:27  Forge  
  70  6:36  Pylon  
  70  6:37  Observer  
  70  6:41  Probe x2  
  70  6:42  Observer  
  70  6:46  Stalker x2  
  75  6:56  Stalker x2  
  75  6:57  Probe x2  
  81  7:09  Probe, Stalker  
  81  7:12  Stalker  
  80  7:20  Probe  
  77  7:24  Probe  
  72  7:33  Probe x2  
  72  7:34  Adept x2  
  76  7:41  Protoss Ground Weapons Level 1 (Chrono Boost), Stalker x2  
  76  7:43  Probe  
  79  7:45  Probe x2  
  79  7:53  Gateway  
  79  7:55  Probe, Stalker x2  
  79  7:57  Probe  
  85  7:59  Probe  
  85  8:05  Stalker  
  88  8:11  Stalker  
  88  8:14  Probe  
  88  8:15  Probe x2  
  88  8:19  Stalker x2  
  93  8:23  Shield Battery  
  93  8:24  Observer  
  93  8:25  Gateway  
  93  8:26  Probe  
  93  8:27  Probe  
  95  8:28  Probe  
  95  8:34  Stalker  
  98  8:35  Stalker  
  98  8:38  Pylon  
  98  8:39  Probe  
  101  8:46  Gateway  
  101  8:47  Gateway  
  101  8:51  Pylon  
  101  8:54  Photon Cannon  
  101  8:55  Observer, Photon Cannon  
  101  8:57  Observer  
  101  9:00  Stalker x2  
  105  9:03  Probe  
  106  9:12  Nexus  
  106  9:18  Charge (Chrono Boost), Stalker  
  106  9:21  Protoss Ground Weapons Level 2 (Chrono Boost)  
  106  9:23  Probe, Pylon  
  109  9:29  Photon Cannon  
  109  9:32  Shield Battery  
  109  9:43  Pylon  
  109  9:45  Pylon  
  109  9:47  Pylon x2  
  109  9:49  Pylon  
  109  9:50  Pylon  
  109  10:01  Adept x2, Probe  
  109  10:02  Stalker  
  109  10:03  Stalker x3  
  109  10:06  Shield Battery  
  122  10:12  Probe x2  
  124  10:15  Stalker x2  
  124  10:19  Probe  
  124  10:20  Photon Cannon  
  129  10:22  Stalker  
  129  10:24  Probe  
  129  10:27  Observer  
  130  10:32  Observer (Chrono Boost)  
  130  10:34  Probe x3  
  131  10:35  Assimilator  
  131  10:42  Probe  
  132  10:46  Probe x2  
  132  10:47  Gateway  
  132  10:48  Observer  
  132  10:49  Nexus, Gateway  
  135  10:50  Stalker x2  
  129  11:08  Zealot x6  
  130  11:19  Stalker x2  
  130  11:20  Probe  
  134  11:28  Probe x3, Pylon  
  134  11:32  Gateway x2, Stalker x3  
  137  11:33  Stalker x2  
  147  11:44  Stalker x4  
  155  11:47  Probe  
  155  11:49  Photon Cannon  
  155  11:50  Protoss Ground Weapons Level 3 (Chrono Boost)  
  155  11:51  Photon Cannon  
  152  11:58  Observer  
  152  12:07  Zealot x6, Stalker  
  166  12:09  Assimilator  
  166  12:20  Observer  
  167  12:36  Stalker x4  
  169  12:41  Observer (Chrono Boost), Assimilator x2  
  169  12:43  Zealot x8  
  181  12:47  Assimilator  
  181  12:50  Probe  
  182  12:53  Shield Battery  
  182  12:57  Assimilator  
  182  12:59  Warp Prism (Chrono Boost)  
  182  13:00  Forge, Stalker x2  
  182  13:01  Stalker x2  
  192  13:12  Zealot x2  
  194  13:17  Zealot x2  
  194  13:22  Zealot x4  
  178  13:33  Stalker x6  
  160  13:34  Probe x2  
  160  13:39  Stalker x2  
  152  13:41  Probe x2  
  152  13:42  Probe  
  152  13:44  Zealot x4  
  152  13:46  Probe  
  152  13:47  Probe  
  165  13:53  Probe  
  166  13:58  Stalker x4  
  166  14:01  Probe x2  
  166  14:02  Shield Battery  
  174  14:05  Stalker  
  174  14:06  Zealot  
  174  14:07  Observer  
  179  14:10  Probe  
  179  14:11  Probe  
  179  14:13  Zealot x2  
  164  14:25  Zealot x5  
  164  14:27  Probe x2  
  167  14:36  Observer  
  164  14:41  Zealot x4  
  172  14:45  Stalker  
  172  14:49  Stalker  
  172  14:50  Stalker  
  178  14:54  Stalker  
  178  14:57  Observer  
  181  15:05  Zealot x3  
  185  15:15  Zealot  
  171  15:31  Stalker x8  
  171  15:35  Stalker x2  
  171  15:42  Probe x5  
  174  15:55  Zealot x5  
  182  16:05  Pylon  
  171  16:22  Pylon  
  171  16:24  Pylon  
  171  16:25  Pylon  
  119  16:44  Observer, Stalker x2  
  119  16:45  Stalker x8  
  127  17:04  Observer  
Tags
 
Add a new tag
Caveats
  • Supply blocks, unpowered buildings, or Contaminate may cause inaccurate times.
  • Supply counts are checked every 10 seconds.